 Dungeon Crawl Stone Soup version 0.31-a0-214-gb37851dbb3 (webtiles) character file.

Game seed: 14978217998775690708

737 qw the Skirmisher (level 7, -3/61 HPs)
             Began as a Minotaur Hexslinger on July 1, 2023.
             Slain by a steam dragon (4 damage)
             ... on level 4 of the Dungeon.
             The game lasted 00:01:29 (3679 turns).

qw the Skirmisher (Minotaur Hexslinger)             Turns: 3679, Time: 00:01:30

Health: -3/61      AC:  3    Str: 12    XL:     7   Next: 46%
Magic:  7/7        EV: 17    Int: 10    God:
Gold:   216        SH:  0    Dex: 15    Spells: 7/8 levels left

rFire   . . .        Y - +1 sling
rCold   . . .        (no shield)
rNeg    . . .        h - +0 leather armour
rPois   .            (helmet restricted)
rElec   .            (no cloak)
rCorr   .            (no gloves)
SInv    .            (no boots)
Will    .....        (no amulet)
Stlth   +            c - +5 ring of evasion
HPRegen 0.30/turn    (no ring)
MPRegen 0.10/turn

%: no passive effects
@: no status effects
A: horns 2, retaliatory headbutt
a: no special abilities


You were on level 4 of the Dungeon.
You visited 1 branch of the dungeon, and saw 4 of its levels.

You collected 216 gold pieces.


Innate Abilities, Weirdness & Mutations

You have a pair of horns on your head.
You reflexively headbutt those who attack you in melee.


   Skills:
 - Level 5.0 Fighting
 - Level 8.0 Ranged Weapons
 + Level 2.5 Dodging
 - Level 1.0 Spellcasting
 - Level 2.0 Hexes


You had 7 spell levels left.
You knew the following spells:

 Your Spells              Type           Power      Damage    Failure   Level
a - Slow                  Hex            16%        N/A       19%         1

Your spell library contained the following spells:

 Spells                   Type           Power      Damage    Failure   Level
 Inner Flame              Hex/Fire       2%         N/A       65%         3
 Portal Projectile        Hex/Tloc       4%         N/A       65%         3
 Cause Fear               Hex            2%         N/A       88%         4

Inventory:

Hand Weapons
 Y - a +1 sling (weapon)
Armour
 d - a +0 ring mail
 h - a +0 leather armour (worn)
Jewellery
 c - a +5 ring of evasion (left hand)
Scrolls
 a - a scroll of identify
 i - a scroll of amnesia {unknown}
Potions
 b - a potion of magic {unknown}
 e - a potion of enlightenment
 f - a potion of berserk rage {unknown}
 g - a potion of resistance {unknown}
 j - a potion of lignification {unknown}

Dungeon Overview and Level Annotations

Branches:
Dungeon (4/15)
 Temple: D:4-7

Altars:
Ru


Message History

Enter note:
Enter note:
Enter note:
Enter note:
Enter note:
Enter note: You shoot a sling bullet.
The sling bullet hits the steam dragon but does no damage.
You shoot a sling bullet. The sling bullet hits the steam dragon.
The steam dragon is lightly wounded.
You shoot a sling bullet.
The sling bullet barely misses the steam dragon.
You shoot a sling bullet.
The sling bullet hits the steam dragon but does no damage.
The steam dragon is lightly wounded.
You shoot a sling bullet. The sling bullet hits the steam dragon.
The steam dragon is lightly wounded.
The steam dragon breathes steam at you. The ball of steam hits you!
You shoot a sling bullet. The sling bullet hits the steam dragon.
The steam dragon is lightly wounded.
You are engulfed in a cloud of scalding steam.
The steam dragon breathes steam at you. The ball of steam hits you!!
The steam dragon bites you. The steam dragon completely misses you.
You shoot a sling bullet.
The sling bullet hits the steam dragon but does no damage.
The steam dragon is lightly wounded.
You are engulfed in a cloud of scalding steam.
The steam dragon bites you but does no damage.
The steam dragon misses you.
You shoot a sling bullet.
The sling bullet closely misses the steam dragon.
The steam dragon completely misses you. x2
You shoot a sling bullet. The sling bullet hits the steam dragon!
The steam dragon is heavily wounded.
You are engulfed in a cloud of scalding steam.
The steam dragon closely misses you. You furiously retaliate!
You headbutt the steam dragon. The steam dragon claws you.
You die...

## ### #. .#.#######..#
#.## #.#..........##
.#... ..#>.....D....#
.....##.########@...#
.............#¤...#
#....###.#..#¤¤¤.#
#####.......#......¤#
............#.#.....#
...........(........#
####......#.####.#..###
.#.#..#................
.#.......#...##.....###


You could see a steam dragon.

Vanquished Creatures
  Grinder (D:3)
  A jelly (D:4)
  An orc priest (D:4)
  A gnoll bouda (D:4)
  2 hounds (D:4)
  Natasha (thrice) (D:3)
  An iguana (D:4)
  5 orc wizards (D:4)
  7 adders
  3 gnolls (D:4)
  A worm (D:2)
  5 orcs
  2 bats
  5 endoplasms
  3 giant cockroaches
  A goblin (D:1)
  3 hobgoblins
  4 jackals (D:3)
  2 quokkas
  6 ball pythons
  A frilled lizard (D:1)
  7 kobolds
  3 rats
68 creatures vanquished.

Vanquished Creatures (others)
  An orc wizard (D:4)
1 creature vanquished.

Grand Total: 69 creatures vanquished

Notes
Turn   | Place    | Note
-------+----------+-------------------------------------------
     0 | D:1      | qw the Minotaur Hexslinger began the quest for the Orb.
     0 | D:1      | Reached XP level 1. HP: 16/16 MP: 1/1
     0 | D:1      | 0 ||| qw: Version: 0.3-a-32-g5962c71
     0 | D:1      | 0 ||| qw: Game counter: 7448
     0 | D:1      | 0 ||| qw: Melee chars always use a shield: true
     0 | D:1      | 0 ||| qw: God list: Okawaru
     0 | D:1      | 0 ||| qw: Allow faded altars: false
     0 | D:1      | 0 ||| qw: Do Orc after clearing Dungeon:15 true
     0 | D:1      | 0 ||| qw: Do second Lair branch before Depths: true
     0 | D:1      | 0 ||| qw: Lair rune preference: random
     0 | D:1      | 0 ||| qw: Goals: Normal
     0 | D:1      | 0 ||| PLANNING D:1-11
   329 | D:1      | Reached skill level 3 in Ranged Weapons
   332 | D:1      | Reached XP level 2. HP: 20/23 MP: 2/2
   837 | D:1      | 837 ||| UPGRADING to +0 leather armour.
   847 | D:1      | 847 ||| DROPPING +0 robe.
   848 | D:1      | 848 ||| READING scroll labelled MOEMUA HERE.
   849 | D:1      | 849 ||| DRINKING 2 dark potions.
   850 | D:1      | 850 ||| DROPPING scroll of poison.
  1221 | D:2      | Reached XP level 3. HP: 28/29 MP: 3/3
  1381 | D:2      | 1381 ||| DROPPING ring of magical power.
  1382 | D:2      | 1382 ||| DRINKING 2 purple potions.
  1511 | D:3      | Noticed Natasha
  1515 | D:3      | Killed Natasha
  1516 | D:3      | Reached skill level 4 in Ranged Weapons
  1623 | D:3      | Reached XP level 4. HP: 36/36 MP: 4/4
  1663 | D:3      | Noticed Natasha
  1680 | D:3      | Killed Natasha
  1681 | D:3      | Reached skill level 5 in Ranged Weapons
  1700 | D:3      | Noticed Natasha
  1708 | D:3      | HP: 7/36 [Natasha (9)]
  1709 | D:3      | 1709 ||| DRINKING 2 potions of heal wounds.
  1711 | D:3      | HP: 3/36 [cerulean imp/+1 spear[Natasha] (3)]
  1712 | D:3      | 1712 ||| DRINKING potion of heal wounds.
  1715 | D:3      | Killed Natasha
  1844 | D:3      | Reached skill level 3 in Fighting
  2000 | D:3      | Reached XP level 5. HP: 34/45 MP: 5/5
  2009 | D:3      | HP: 10/45 [adder (3)]
  2196 | D:3      | Noticed Grinder
  2198 | D:3      | 2198 ||| FLEEEEING.
  2199 | D:3      | 2199 ||| FLEEEEING.
  2200 | D:3      | 2200 ||| FLEEEEING.
  2201 | D:3      | 2201 ||| FLEEEEING.
  2202 | D:3      | 2202 ||| FLEEEEING.
  2205 | D:3      | 2205 ||| FLEEEEING.
  2212 | D:3      | 2212 ||| FLEEEEING.
  2213 | D:3      | 2213 ||| FLEEEEING.
  2214 | D:3      | 2214 ||| FLEEEEING.
  2215 | D:3      | 2215 ||| FLEEEEING.
  2216 | D:3      | 2216 ||| FLEEEEING.
  2218 | D:3      | 2218 ||| FLEEEEING.
  2219 | D:3      | 2219 ||| FLEEEEING.
  2220 | D:3      | 2220 ||| FLEEEEING.
  2221 | D:3      | 2221 ||| FLEEEEING.
  2222 | D:3      | 2222 ||| FLEEEEING.
  2223 | D:3      | 2223 ||| FLEEEEING.
  2224 | D:3      | 2224 ||| FLEEEEING.
  2225 | D:3      | 2225 ||| FLEEEEING.
  2226 | D:3      | 2226 ||| FLEEEEING.
  2227 | D:3      | 2227 ||| FLEEEEING.
  2228 | D:3      | 2228 ||| FLEEEEING.
  2229 | D:3      | 2229 ||| FLEEEEING.
  2230 | D:3      | 2230 ||| FLEEEEING.
  2231 | D:3      | 2231 ||| FLEEEEING.
  2232 | D:3      | 2232 ||| FLEEEEING.
  2233 | D:3      | 2233 ||| FLEEEEING.
  2234 | D:3      | 2234 ||| FLEEEEING.
  2241 | D:3      | 2241 ||| STAIRDANCE
  2257 | D:2      | 2257 ||| UPGRADING to +5 ring of evasion.
  2258 | D:2      | 2258 ||| READING scroll labelled FEUJUH DINY.
  2259 | D:2      | 2259 ||| READING scroll labelled NISOADO DYTAPS.
  2263 | D:2      | 2263 ||| READING scroll labelled TEKKEEF QAAWI.
  2264 | D:2      | 2264 ||| READING scroll labelled MIDUKU NEEJ.
  2265 | D:2      | 2265 ||| DRINKING 2 white potions.
  2473 | D:3      | Paralysed by Grinder for 4 turns
  2479 | D:3      | HP: 10/45 [Grinder (2)]
  2481 | D:3      | Killed Grinder
  2482 | D:3      | Reached skill level 7 in Ranged Weapons
  2482 | D:3      | Reached XP level 6. HP: 12/51 MP: 6/6
  2716 | D:4      | Found a sacrificial altar of Ru.
  2898 | D:4      | 2898 ||| DRINKING 2 potions of curing.
  2898 | D:4      | 2898 ||| (to cure confusion)
  2911 | D:4      | HP: 13/52 [orc priest/divine providence (13)]
  2920 | D:4      | Reached XP level 7. HP: 17/59 MP: 7/7
  3086 | D:4      | 3086 ||| Stepping ~*~*~tactically~*~*~ (outnumbered).
  3124 | D:4      | 3124 ||| DRINKING potion of curing.
  3124 | D:4      | 3124 ||| (to cure confusion)
  3194 | D:4      | 3194 ||| FLEEEEING.
  3259 | D:4      | 3259 ||| Stepping ~*~*~tactically~*~*~ (outnumbered).
  3283 | D:4      | Reached skill level 8 in Ranged Weapons
  3286 | D:4      | HP: 11/59 [gnoll/+0 whip[a gnoll bouda] (6)]
  3312 | D:4      | 3312 ||| FLEEEEING.
  3313 | D:4      | 3313 ||| FLEEEEING.
  3502 | D:4      | 3502 ||| Stepping randomly (disturbance).
  3670 | D:4      | Noticed a steam dragon
  3676 | D:4      | HP: 15/61 [steam dragon (2)]
  3677 | D:4      | HP: 3/61 [steam dragon] (12)]
  3679 | D:4      | HP: 1/61 [steam dragon] (3)]
  3679 | D:4      | Slain by a steam dragon

Levels and vault maps discovered:
D:1:      lordsloth_arrival_two_stooges, layout_basic
D:2:      layout_basic
D:3:      layout_basic, uniq_grinder, uniq_natasha
D:4:      layout_basic, kennysheep_mini, nicolae_ru_path_of_blood,
          temple_statues

Skill      XL: |  1  2  3  4  5  6  7 |
---------------+----------------------+-----
Ranged Weapons | 3 4 5 7 8 |  8.0
Fighting       | 2 3 4 5 |  5.0
Dodging        | |  2.5
Spellcasting   | |  1.0
Hexes          | |  2.0

Action                     |  1- 3 |  4- 6 |  7- 9 || total
---------------------------+-------+-------+-------++-------
   Fire: Sling             |    89 |   144 |   125 ||   358
    Use: Potion            |     2 |     4 |     1 ||     7
         Scroll            |     1 |     4 |       ||     5
 Armour: Robe              |     6 |       |       ||     6
         Leather armour    |     5 |    18 |    24 ||    47
  Dodge: Dodged            |    21 |    67 |    75 ||   163

Table legend:
 A = Non-vault XP
 B = Vault XP
 C = Vault XP percentage of total XP
 D = Non-vault monster count
 E = Vault monster count
 F = Vault count percentage of total count
                 A         B        C        D         E       F
            +---------+---------+-------+---------+---------+-------
      Total |     731 |     322 |  30.6 |      67 |       2 |   2.9
            +---------+---------+-------+---------+---------+-------
        D:1 |      20 |       0 |   0.0 |      13 |       0 |   0.0
        D:2 |      36 |       0 |   0.0 |      10 |       0 |   0.0
        D:3 |     146 |     322 |  68.8 |      19 |       2 |   9.5
        D:4 |     529 |       0 |   0.0 |      25 |       0 |   0.0
            +---------+---------+-------+---------+---------+-------
